TOP OF THE 1ST |
Detroit X-Wings batting - Pitching for Blueville 83's : RHP Santiago González
|
Pitching: RHP Santiago González
|
|
Batting: RHB Júlio López
|
0-0: Ball 1-0: Ball 2-0: Foul Ball, location: 2F 2-1: Foul Ball, location: 2F 2-2: Foul Ball, location: 2F 2-2: Foul Ball, location: 2F 2-2: Foul Ball, location: 2F 2-2: Fly out, F9 (Flyball, 9LS)
|
Batting: RHB Gary Witt
|
0-0: Ball 1-0: Foul Ball, location: 2F 1-1: Ball 2-1: Foul Ball, location: 2F 2-2: Ball 3-2: Foul Ball, location: 2F 3-2: Base on Balls
|
Batting: RHB Robby Lewis
|
0-0: Foul Ball, location: 2F 0-1: Fly out, F8 (Flyball, 8LM)
|
Batting: RHB Keith Sims
|
0-0: Ball 1-0: Ball 2-0: SINGLE (Groundball, 56D) Gary Witt to second
|
Batting: RHB John Moore
|
0-0: Swinging Strike 0-1: Foul Ball, location: 2F 0-2: Foul Ball, location: 2F 0-2: Ball 1-2: Ground out 5-3 (Groundball, 5S)
|
Top of the 1st over - 0 run(s), 1 hit(s), 0 error(s), 2 left on base; Detroit 0 - Blueville 0 |
BOTTOM OF THE 1ST |
Blueville 83's batting - Pitching for Detroit X-Wings : RHP José Castro
|
Pitching: RHP José Castro
|
|
Batting: LHB Javier Espinoza
|
0-0: Called Strike 0-1: Ball 1-1: Called Strike 1-2: Foul Ball, location: 2F 1-2: Ball 2-2: Ball 3-2: SINGLE (Flyball, 7LS)
|
Batting: LHB Roberto Trujillo
|
0-0: Ball 1-0: Ball 2-0: Ball 3-0: Called Strike 3-1: Foul Ball, location: 2F 3-2: Base on Balls Javier Espinoza to second
|
Batting: SHB Caden Keith
|
0-0: Ball 1-0: Ball 2-0: Fly out, F4 (Popup, 34S)
|
Batting: RHB Matt Perkins
|
0-0: Called Strike 0-1: Ball 1-1: Ball 2-1: Foul Ball, location: 2F 2-2: Foul Ball, location: 2F 2-2: Strikes out swinging
|
Batting: LHB Ricardo Romero
|
0-0: Called Strike 0-1: Ball Wild Pitch! Javier Espinoza to third Roberto Trujillo to second 1-1: Ball 2-1: Swinging Strike 2-2: Ball 3-2: Strikes out looking
|
Bottom of the 1st over - 0 run(s), 1 hit(s), 0 error(s), 2 left on base; Detroit 0 - Blueville 0 |
TOP OF THE 2ND |
Detroit X-Wings batting - Pitching for Blueville 83's : RHP Santiago González
|
Batting: RHB Jaime Contreras
|
0-0: Ball 1-0: Called Strike 1-1: Foul Ball, location: 2F 1-2: Ball 2-2: Ground out 6-3 (Groundball, 6)
|
Batting: LHB Sergio Luna
|
0-0: SINGLE (Groundball, 6MD)
|
Batting: RHB Oliver Acevedo
|
0-0: Ball 1-0: Reached on error, E4 (Popup, 34) Sergio Luna to second
|
Batting: SHB Felipe Detorres
|
0-0: Called Strike 0-1: 3-RUN HOME RUN (Flyball, 89XD), Distance : 416 ft
|
Batting: RHB Júlio López
|
0-0: Ball 1-0: Swinging Strike 1-1: Fly out, F8 (Line Drive, 8RM)
|
Batting: RHB Gary Witt
|
0-0: Foul Ball, location: 2F 0-1: Swinging Strike 0-2: Ball 1-2: Ball 2-2: Ball 3-2: Foul Ball, location: 2F 3-2: SINGLE (Groundball, 34D)
|
Batting: RHB Robby Lewis
|
0-0: Fly out, F8 (Flyball, 8RS)
|
Top of the 2nd over - 3 run(s), 3 hit(s), 1 error(s), 1 left on base; Detroit 3 - Blueville 0 |
BOTTOM OF THE 2ND |
Blueville 83's batting - Pitching for Detroit X-Wings : RHP José Castro
|
Batting: RHB Jimmy Simon
|
0-0: Ball 1-0: Ball 2-0: Ball 3-0: Called Strike 3-1: Called Strike 3-2: Ground out 3-1 (Groundball, 34S)
|
Batting: LHB Vincente Sáenz
|
0-0: Ball 1-0: Ball 2-0: Foul Ball, location: 2F 2-1: SINGLE (Flyball, 89S)
|
Batting: RHB Yoshihide Takahashi
|
0-0: Grounds into double play, 6-4-3 (Groundball, 56)
|
Bottom of the 2nd over - 0 run(s), 1 hit(s), 0 error(s), 0 left on base; Detroit 3 - Blueville 0 |
TOP OF THE 3RD |
Detroit X-Wings batting - Pitching for Blueville 83's : RHP Santiago González
|
Batting: RHB Keith Sims
|
0-0: SINGLE (Flyball, 9LS)
|
Batting: RHB John Moore
|
0-0: Ball 1-0: Ball 2-0: Called Strike 2-1: Fly out, F7 (Line Drive, 7)
|
Batting: RHB Jaime Contreras
|
0-0: Foul Ball, location: 2F 0-1: Grounds into double play, 6-4-3 (Groundball, 6)
|
Top of the 3rd over - 0 run(s), 1 hit(s), 0 error(s), 0 left on base; Detroit 3 - Blueville 0 |
BOTTOM OF THE 3RD |
Blueville 83's batting - Pitching for Detroit X-Wings : RHP José Castro
|
Batting: LHB Ron Robinson
|
0-0: Ball 1-0: Swinging Strike 1-1: Ball 2-1: Ball 3-1: Called Strike 3-2: SINGLE (Line Drive, 78M)
|
Batting: LHB Javier Espinoza
|
0-0: Swinging Strike 0-1: Ball 1-1: Swinging Strike 1-2: Ball 2-2: Ball 3-2: Strikes out swinging
|
Batting: LHB Roberto Trujillo
|
0-0: Ball 1-0: Ball 2-0: Foul Ball, location: 2F 2-1: SINGLE (Groundball, 6MD) Ron Robinson to second
|
Batting: SHB Caden Keith
|
0-0: Foul Ball, location: 2F 0-1: Fly out, F9 (Line Drive, 9D) Runner from 2nd tags up, SAFE at 3rd, no throw
|
Batting: RHB Matt Perkins
|
0-0: Foul Ball, location: 2F 0-1: Foul Ball, location: 2F 0-2: Ball 1-2: Foul Ball, location: 2F 1-2: Strikes out swinging
|
Bottom of the 3rd over - 0 run(s), 2 hit(s), 0 error(s), 2 left on base; Detroit 3 - Blueville 0 |
TOP OF THE 4TH |
Detroit X-Wings batting - Pitching for Blueville 83's : RHP Santiago González
|
Batting: LHB Sergio Luna
|
0-0: Called Strike 0-1: Ball 1-1: Ball 2-1: Ball 3-1: Foul Ball, location: 2F 3-2: Foul Ball, location: 2F 3-2: Ground out 6-3 (Groundball, 6S)
|
Batting: RHB Oliver Acevedo
|
0-0: Foul Ball, location: 2F 0-1: Ball 1-1: SOLO HOME RUN (Line Drive, 78XD), Distance : 417 ft
|
Batting: SHB Felipe Detorres
|
0-0: Ball 1-0: Ground out 4-3 (Groundball, 4)
|
Batting: RHB Júlio López
|
0-0: Called Strike 0-1: Called Strike 0-2: Strikes out swinging
|
Top of the 4th over - 1 run(s), 1 hit(s), 0 error(s), 0 left on base; Detroit 4 - Blueville 0 |
BOTTOM OF THE 4TH |
Blueville 83's batting - Pitching for Detroit X-Wings : RHP José Castro
|
Batting: LHB Ricardo Romero
|
0-0: Called Strike 0-1: Ball 1-1: Fly out, F7 (Flyball, 7LS)
|
Batting: RHB Jimmy Simon
|
0-0: Ball 1-0: Foul Ball, location: 2F 1-1: Ball 2-1: Fly out, F8 (Flyball, 8LD)
|
Batting: LHB Vincente Sáenz
|
0-0: Ball 1-0: Called Strike 1-1: SINGLE (Line Drive, 56D)
|
Batting: RHB Yoshihide Takahashi
|
0-0: Called Strike 0-1: Called Strike 0-2: Strikes out swinging
|
Bottom of the 4th over - 0 run(s), 1 hit(s), 0 error(s), 1 left on base; Detroit 4 - Blueville 0 |
TOP OF THE 5TH |
Detroit X-Wings batting - Pitching for Blueville 83's : RHP Santiago González
|
Batting: RHB Gary Witt
|
0-0: Ball 1-0: Called Strike 1-1: Foul Ball, location: 2F 1-2: Ball 2-2: Strikes out swinging
|
Batting: RHB Robby Lewis
|
0-0: Ground out 4-3 (Groundball, 4)
|
Batting: RHB Keith Sims
|
0-0: Ball 1-0: Foul Ball, location: 2F 1-1: DOUBLE (Groundball, 5L)
|
Batting: RHB John Moore
|
0-0: Ball 1-0: SINGLE (Flyball, 7S) Keith Sims to third Runner from 3rd tries for Home, SAFE, no throw
|
Batting: RHB Jaime Contreras
|
0-0: Ball 1-0: Foul Ball, location: 2F 1-1: Ball 2-1: Ball 3-1: Called Strike 3-2: Base on Balls John Moore to second
|
Batting: LHB Sergio Luna
|
0-0: Foul Ball, location: 2F 0-1: Ball 1-1: Ball 2-1: Ball 3-1: Foul Ball, location: 2F 3-2: SINGLE (Groundball, 34) (infield hit) John Moore to third Jaime Contreras to second
|
Batting: RHB Oliver Acevedo
|
0-0: Called Strike 0-1: Ball 1-1: Foul Ball, location: 2F 1-2: Ball 2-2: Fielders Choice at 2nd, 5-4 (Groundball, 56)
|
Top of the 5th over - 1 run(s), 3 hit(s), 0 error(s), 2 left on base; Detroit 5 - Blueville 0 |
BOTTOM OF THE 5TH |
Blueville 83's batting - Pitching for Detroit X-Wings : RHP José Castro
|
Batting: LHB Ron Robinson
|
0-0: Ball 1-0: Foul Ball, location: 2F 1-1: Called Strike 1-2: Ball 2-2: SINGLE (Line Drive, 6MD)
|
Batting: LHB Javier Espinoza
|
0-0: Ball 1-0: Swinging Strike 1-1: Ball 2-1: Ball 3-1: SINGLE (Groundball, 6MD) Ron Robinson to second
|
Batting: LHB Roberto Trujillo
|
0-0: Ball 1-0: Foul Ball, location: 2F 1-1: Swinging Strike 1-2: Strikes out swinging
|
Batting: SHB Caden Keith
|
0-0: Fielders Choice at 2nd, 5-4 (Groundball, 5) Ron Robinson to third
|
Batting: RHB Matt Perkins
|
0-0: Called Strike 0-1: Ball 1-1: Ball 2-1: Ball 3-1: SINGLE (Flyball, 7LS) Ron Robinson scores Caden Keith to second Runner from 2nd tries for 3rd, SAFE, no throw
|
Batting: LHB Ricardo Romero
|
0-0: Ball 1-0: Ball 2-0: Ball 3-0: Called Strike 3-1: Swinging Strike 3-2: Base on Balls Matt Perkins to second
|
Pitching: RHP Júlio Ruíz
|
|
Batting: RHB Jimmy Simon
|
0-0: Ball 1-0: Ball 2-0: Foul Ball, location: 2F 2-1: Ball 3-1: Base on Balls Caden Keith scores Matt Perkins to third Ricardo Romero to second
|
Batting: LHB Vincente Sáenz
|
0-0: Called Strike 0-1: Ball 1-1: Called Strike 1-2: Ball 2-2: Foul Ball, location: 2F 2-2: SINGLE (Groundball, 4MD) Matt Perkins scores Ricardo Romero to third Jimmy Simon to second Runner from 3rd tries for Home, SAFE, no throw
|
Batting: RHB Yoshihide Takahashi
|
0-0: Foul Ball, location: 2F 0-1: Foul Ball, location: 2F 0-2: Foul Ball, location: 2F 0-2: Ball 1-2: 3-RUN HOME RUN (Flyball, 7D), Distance : 384 ft
|
Pitching: RHP Felipe Téllez
|
|
Batting: LHB Ron Robinson
|
0-0: Ball 1-0: Ball 2-0: Ball 3-0: Called Strike 3-1: Ground out 3-1 (Groundball, 3S)
|
Bottom of the 5th over - 7 run(s), 5 hit(s), 0 error(s), 0 left on base; Detroit 5 - Blueville 7 |
TOP OF THE 6TH |
Detroit X-Wings batting - Pitching for Blueville 83's : RHP Santiago González
|
Pitching: RHP José Ruíz
|
|
Batting: SHB Felipe Detorres
|
0-0: Fly out, F7 (Flyball, 78M)
|
Batting: RHB Júlio López
|
0-0: Ball 1-0: Ball 2-0: Called Strike 2-1: Foul Ball, location: 2F 2-2: Ground out 4-3 (Groundball, 4)
|
Batting: RHB Gary Witt
|
0-0: Foul Ball, location: 2F 0-1: Ball 1-1: Swinging Strike 1-2: Ball 2-2: Ball 3-2: Ground out 5-3 (Groundball, 56)
|
Top of the 6th over - 0 run(s), 0 hit(s), 0 error(s), 0 left on base; Detroit 5 - Blueville 7 |
BOTTOM OF THE 6TH |
Blueville 83's batting - Pitching for Detroit X-Wings : RHP Felipe Téllez
|
Batting: LHB Javier Espinoza
|
0-0: Called Strike 0-1: Ball 1-1: Foul Ball, location: 2F 1-2: Strikes out swinging
|
Batting: LHB Roberto Trujillo
|
0-0: Ball 1-0: Ball 2-0: Called Strike 2-1: Foul Ball, location: 2F 2-2: Strikes out swinging
|
Batting: SHB Caden Keith
|
0-0: Ball 1-0: Swinging Strike 1-1: Foul Ball, location: 2F 1-2: Foul Ball, location: 2F 1-2: Ball 2-2: SINGLE (Groundball, 4M) (infield hit)
|
Batting: RHB Matt Perkins
|
0-0: Ball 1-0: Ball 2-0: Ball 3-0: Called Strike 3-1: Foul Ball, location: 2F 3-2: Base on Balls Caden Keith to second
|
Batting: LHB Ricardo Romero
|
0-0: Ball 1-0: Ball 2-0: Ball 3-0: Called Strike 3-1: Base on Balls Caden Keith to third Matt Perkins to second
|
Batting: RHB Jimmy Simon
|
0-0: Fly out, F9 (Flyball, 9S)
|
Bottom of the 6th over - 0 run(s), 1 hit(s), 0 error(s), 3 left on base; Detroit 5 - Blueville 7 |
TOP OF THE 7TH |
Detroit X-Wings batting - Pitching for Blueville 83's : RHP José Ruíz
|
Batting: RHB Robby Lewis
|
0-0: Called Strike 0-1: Called Strike 0-2: Strikes out swinging
|
Batting: RHB Keith Sims
|
0-0: Called Strike 0-1: Swinging Strike 0-2: Fly out, F8 (Flyball, 8RD)
|
Batting: RHB John Moore
|
0-0: Called Strike 0-1: Swinging Strike 0-2: Ball 1-2: Ball 2-2: Strikes out looking
|
Top of the 7th over - 0 run(s), 0 hit(s), 0 error(s), 0 left on base; Detroit 5 - Blueville 7 |
BOTTOM OF THE 7TH |
Blueville 83's batting - Pitching for Detroit X-Wings : RHP Felipe Téllez
|
Batting: LHB Vincente Sáenz
|
0-0: SINGLE (Groundball, 56D)
|
Batting: RHB Yoshihide Takahashi
|
0-0: Ball 1-0: Sac Bunt - play at first, batter OUT! U3 Vincente Sáenz to second
|
Batting: LHB Ron Robinson
|
0-0: Called Strike 0-1: SINGLE (Groundball, 4D) Vincente Sáenz to third Runner from 3rd tries for Home, SAFE, throw made home Ron Robinson to second
|
Pitching: LHP Richard Dorris
|
|
Batting: LHB Javier Espinoza
|
0-0: Intentional Walk
|
Batting: LHB Roberto Trujillo
|
0-0: Ball 1-0: Grounds into double play, 4-6-3 (Groundball, 4)
|
Bottom of the 7th over - 1 run(s), 2 hit(s), 0 error(s), 1 left on base; Detroit 5 - Blueville 8 |
TOP OF THE 8TH |
Detroit X-Wings batting - Pitching for Blueville 83's : RHP José Ruíz
|
Batting: RHB Jaime Contreras
|
0-0: Ball 1-0: Swinging Strike 1-1: Ground out 5-3 (Groundball, 56)
|
Batting: LHB Sergio Luna
|
0-0: Ball 1-0: Ball 2-0: Ground out 4-3 (Groundball, 4D)
|
Batting: RHB Oliver Acevedo
|
0-0: Ball 1-0: Swinging Strike 1-1: Ball 2-1: Called Strike 2-2: Ball 3-2: Strikes out swinging
|
Top of the 8th over - 0 run(s), 0 hit(s), 0 error(s), 0 left on base; Detroit 5 - Blueville 8 |
BOTTOM OF THE 8TH |
Blueville 83's batting - Pitching for Detroit X-Wings : LHP Richard Dorris
|
Batting: SHB Caden Keith
|
0-0: Ball 1-0: SOLO HOME RUN (Line Drive, 9D), Distance : 392 ft
|
Batting: RHB Matt Perkins
|
0-0: Ball 1-0: Foul Ball, location: 2F 1-1: Ball 2-1: Called Strike 2-2: Ground out 6-3 (Groundball, 56D)
|
Batting: LHB Ricardo Romero
|
0-0: Ball 1-0: Ball 2-0: Called Strike 2-1: Foul Ball, location: 2F 2-2: Ball 3-2: SINGLE (Line Drive, 6MD)
|
Batting: RHB Jimmy Simon
|
0-0: Ball 1-0: Foul Ball, location: 2F 1-1: 2-RUN HOME RUN (Flyball, 7D), Distance : 398 ft
|
Pitching: LHP Javier Duarte
|
|
Batting: LHB Vincente Sáenz
|
0-0: Ball 1-0: Called Strike 1-1: Ball 2-1: Ball 3-1: Foul Ball, location: 2F 3-2: Ground out 4-3 (Groundball, 4)
|
Batting: RHB Yoshihide Takahashi
|
0-0: Ball 1-0: Swinging Strike 1-1: Ball 2-1: Foul Ball, location: 2F 2-2: Ball 3-2: Foul Ball, location: 2F 3-2: Foul Ball, location: 2F 3-2: Strikes out swinging, 2-3 out at first.
|
Bottom of the 8th over - 3 run(s), 3 hit(s), 0 error(s), 0 left on base; Detroit 5 - Blueville 11 |
TOP OF THE 9TH |
Detroit X-Wings batting - Pitching for Blueville 83's : RHP José Ruíz
|
Batting: SHB Felipe Detorres
|
0-0: Ground out 1-3 (Groundball, 13)
|
Batting: RHB Júlio López
|
0-0: Called Strike 0-1: DOUBLE (Line Drive, 78D)
|
Pitching: LHP António Coronado
|
|
Batting: RHB Gary Witt
|
0-0: Called Strike 0-1: Ball 1-1: Ball 2-1: Ball 3-1: Base on Balls
|
Batting: RHB Robby Lewis
|
0-0: Fly out, F8 (Flyball, 89D) Runner from 2nd tags up, SAFE at 3rd, no throw
|
Batting: RHB Keith Sims
|
0-0: Called Strike 0-1: Foul Ball, location: 2F 0-2: Fielders Choice at 2nd, 5-4 (Groundball, 56)
|
Top of the 9th over - 0 run(s), 1 hit(s), 0 error(s), 1 left on base; Detroit 5 - Blueville 11 |
|